 Dungeon Crawl Stone Soup version 0.28.0-43-g3370ac3207 (webtiles) character file.

Game seed: 7301072256931190660

28 croobank the Digger (level 3, 0/19 HPs)
             Began as a Gargoyle Earth Elementalist on Mar 17, 2022.
             Was an Initiate of Hepliaklqana.
             Slain by Terence
             ... wielding a +0 short sword
              (6 damage)
             ... on level 2 of the Dungeon.
             The game lasted 00:04:50 (1351 turns).

croobank the Digger (Gargoyle Earth Elementalist)   Turns: 1351, Time: 00:04:50

Health: 0/19       AC:  5    Str: 11    XL:     3   Next: 12%
Magic:  0/6        EV: 12    Int: 17    God:    Hepliaklqana [......]
Gold:   116        SH:  0    Dex: 10    Spells: 3/6 levels left

rFire   . . .      SeeInvis .   a - +2 short sword (speed)
rCold   . . .      Faith    .   (no shield)
rNeg    + . .      Spirit   .   i - +0 robe
rPois   ∞          Reflect  .   (no helmet)
rElec   +          Harm     .   (no cloak)
rCorr   .          Rampage  .   (no gloves)
Will    .....                   (no boots)
Stlth   ++........              (no amulet)
HPRegen 0.06/turn               (no ring)
MPRegen 0.10/turn               (no ring)

@: no status effects
A: sickness immunity, AC +3, negative energy resistance 1, electricity
resistance, torment resistance 1, petrification resistance
a: Renounce Religion


You were on level 2 of the Dungeon.
You worshipped Hepliaklqana.
Hepliaklqana was noncommittal.
You visited 1 branch of the dungeon, and saw 2 of its levels.

You collected 116 gold pieces.

Inventory:

Hand Weapons
 a - a +2 short sword of speed (weapon)
 b - a +2 hunting sling of freezing
 e - a +0 short sword
Missiles
 c - 67 stones
Armour
 i - a +0 robe (worn)
Wands
 d - a wand of acid (12)
Scrolls
 f - a scroll of identify {unknown}
 g - a scroll of amnesia {unknown}
Potions
 h - a potion of haste {unknown}
 j - a potion of mutation {unknown}
 k - a potion of flight {unknown}


   Skills:
 + Level 1.9 Dodging
 + Level 2.6 Stealth
 + Level 2.2 Spellcasting
 + Level 1.2 Transmutations
 + Level 3.9 Earth Magic


You had 3 spell levels left.
You knew the following spells:

 Your Spells              Type           Power      Damage    Failure   Level
a - Sandblast             Erth           30%        2d9       3%          1
b - Passwall              Tmut/Erth      8%         N/A       10%         2

Your spell library contained the following spells:

 Spells                   Type           Power      Damage    Failure   Level
 Magic Dart               Conj           4%         1d3       19%         1
 Stone Arrow              Conj/Erth      16%        3d8       26%         3
 Searing Ray              Conj           2%         2d4       28%         2
 Petrify                  Tmut/Erth      10%        N/A       54%         4
 Fulminant Prism          Conj/Hex       0%         3d6       88%         4


Dungeon Overview and Level Annotations

Branches:
Dungeon (2/15)

Altars:
Hepliaklqana

Shops:
D:2 *

Annotations:
D:2 Terence


Innate Abilities, Weirdness & Mutations

You are immune to sickness and miasma.
Your stone body is resilient. (AC +3)
You are immune to poison.
You resist negative energy. (rN+)
You are resistant to electric shocks. (rElec)
You are resistant to unholy torment.
You are immune to petrification.


Message History

You barely miss Terence.
Terence is heavily wounded.
Terence hits you but does no damage.
You hit Terence but do no damage.
Terence is heavily wounded.
Terence closely misses you.
You hit Terence.
Terence is severely wounded.
You closely miss Terence.
Terence is severely wounded.
Terence hits you with a +0 short sword.
Casting: Sandblast (safe; 3% risk of failure)
Confirm with . or Enter, or press ? or * to list all spells.
Aiming: Sandblast (safe; 3% risk of failure)
Press: ? - help, Shift-Dir - straight line, f/p - Terence
Aim: Terence, wielding a +0 short sword and wearing a +0 ring mail (severely wounded, 82% to hit)
The blast of sand hits Terence.
Terence is almost dead.
Terence misses you.
Casting: Sandblast (safe; 3% risk of failure)
Confirm with . or Enter, or press ? or * to list all spells.
Aiming: Sandblast (safe; 3% risk of failure)
Press: ? - help, Shift-Dir - straight line, f/p - Terence
Aim: Terence, wielding a +0 short sword and wearing a +0 ring mail (almost dead, 82% to hit)
The blast of sand hits Terence but does no damage.
Terence is almost dead.
Terence hits you but does no damage.
Casting: Sandblast (safe; 3% risk of failure)
Confirm with . or Enter, or press ? or * to list all spells.
Aiming: Sandblast (safe; 3% risk of failure)
Press: ? - help, Shift-Dir - straight line, f/p - Terence
Aim: Terence, wielding a +0 short sword and wearing a +0 ring mail (almost dead, 82% to hit)
The blast of sand hits Terence but does no damage.
Terence is almost dead.
Terence barely misses you.
The rat twitches its whiskers.
You closely miss Terence.
Terence is almost dead.
Terence hits you with a +0 short sword.
You die...

..... ..... .....
..... .....#####.....
...............
........... #..r....#
#.
#...@...###.##+######
#>..@................
##......###........##
#...†.............#
###.....###.........#
#.........##.........#
#########.##.........#
#.##.........#
#.##.........#
#.....#.######


You could see Terence and a rat.

Vanquished Creatures
  A dart slug (D:2)
  3 ball pythons
  3 endoplasms (D:1)
  A giant cockroach (D:2)
  5 goblins
  3 hobgoblins
  A quokka (D:1)
  A frilled lizard (D:1)
  A kobold (D:1)
  6 rats (D:1)
25 creatures vanquished.

Notes
Turn   | Place    | Note
-------+----------+-------------------------------------------
     0 | D:1      | croobank the Gargoyle Earth Elementalist began the quest
                  | for the Orb.
     0 | D:1      | Reached XP level 1. HP: 10/10 MP: 3/3
   113 | D:1      | Found a faded altar of an unknown god.
   317 | D:1      | Reached skill level 1 in Transmutations
   317 | D:1      | Reached XP level 2. HP: 15/15 MP: 3/5
   320 | D:1      | Learned a level 2 spell: Passwall
   941 | D:2      | Found a hazy altar of Hepliaklqana.
   972 | D:2      | Reached XP level 3. HP: 8/19 MP: 0/6
  1208 | D:2      | Became a worshipper of Hepliaklqana the Forgotten
  1282 | D:2      | Found Dummaett's Assorted Antiques.
  1329 | D:2      | Noticed Terence
  1351 | D:2      | Slain by Terence

Illustrated notes

Levels and vault maps discovered:
D:1:      heliophobic_arrival_battle_scene, layout_rooms,
          shapermc_ecumenical_altar_totnotflames, chequers_serial_rivers_micro_e
D:2:      layout_basic, serial_shops, nicolae_shop_statue_plus,
          nicolae_shop_stone, basic_altar, minmay_tiny_reverse_x, uniq_terence

Skill      XL: |  1 |
---------------+----+-----
Transmutations | 1 |  1.2
Dodging        | |  1.9
Stealth        | |  2.6
Spellcasting   | |  2.2
Earth Magic    | |  3.9

Action                   || total
-------------------------++-------
Melee: Unarmed           ||     1
       Short sword       ||    44
 Cast: Sandblast         ||    25
  Use: Potion            ||     1
 Stab: Sleeping          ||     1
Armor: Robe              ||    10
Dodge: Dodged            ||    19
